SNL (28 & UNDER)
SALEM SILVER SOULS @ BLACKIRON DRAGONS
05/13/2030
 
TOP OF THE 1ST
Salem Silver Souls batting - Pitching for BlackIron Dragons : RHP Juan Carlos Guerrero
Pitching: RHP Juan Carlos Guerrero
Batting: RHB Pedro Rivera 0-0: Called Strike
0-1: Ball
1-1: Swinging Strike
1-2: Ball
2-2: Foul Ball, location: 2F
2-2: Ball
3-2: Ground out 6-3 (Groundball, 6)
Batting: LHB Luis Aragón 0-0: Ball
1-0: Foul Ball, location: 2F
1-1: Fly out, F7 (Line Drive, 7S)
Batting: LHB Hamilton Hughes 0-0: Ball
1-0: Ball
2-0: Fly out, F7 (Flyball, 7LMF)
Top of the 1st over - 0 runs, 0 hits, 0 errors, 0 left on base; Salem 0 - BlackIron 0
BOTTOM OF THE 1ST
BlackIron Dragons batting - Pitching for Salem Silver Souls : LHP Al McGuire
Pitching: LHP Al McGuire
Batting: RHB Joaquín Valenzuela 0-0: Called Strike
0-1: Ball
1-1: Ball
2-1: Foul Ball, location: 2F
2-2: Ball
3-2: Base on Balls
Batting: RHB Iván Granados 0-0: Called Strike
0-1: Ball
1-1: Ball
2-1: Foul Ball, location: 2F
2-2: Fly out, F5 (Line Drive, 5L)
Batting: RHB Jimmy King 0-0: Called Strike
0-1: Ball
1-1: Ball
2-1: Ball
3-1: Foul Ball, location: 2F
3-2: Base on Balls
Joaquín Valenzuela to second
Batting: SHB David Boyle 0-0: Called Strike
Joaquín Valenzuela steals 3rd base
Jimmy King to second
0-1: Ball
1-1: Ball
2-1: Ball
3-1: Foul Ball, location: 2F
3-2: Foul Ball, location: 2F
3-2: Foul Ball, location: 2F
3-2: Base on Balls
Batting: LHB José Martínez 0-0: Fly out, F7 (Flyball, 78M)
Runner from 3rd tags up, SCORES, throw made
Batting: RHB Millard Long 0-0: Called Strike
0-1: Ball
1-1: Foul Ball, location: 2F
1-2: Ball
2-2: Ground out U3 (Groundball, 3)
Bottom of the 1st over - 1 run, 0 hits, 0 errors, 2 left on base; Salem 0 - BlackIron 1
TOP OF THE 2ND
Salem Silver Souls batting - Pitching for BlackIron Dragons : RHP Juan Carlos Guerrero
Batting: RHB Chris Hall 0-0: Called Strike
0-1: Ball
1-1: Ground out 5-3 (Groundball, 56)
Batting: RHB Jaime Rodríguez 0-0: Called Strike
0-1: Fly out, F7 (Flyball, 7S)
Batting: SHB Alberto Sandoval 0-0: Called Strike
0-1: Ball
1-1: Ball
2-1: Ground out U3 (Groundball, 3)
Top of the 2nd over - 0 runs, 0 hits, 0 errors, 0 left on base; Salem 0 - BlackIron 1
BOTTOM OF THE 2ND
BlackIron Dragons batting - Pitching for Salem Silver Souls : LHP Al McGuire
Batting: RHB Roderick Silva 0-0: Foul Ball, location: 2F
0-1: Fly out, F9 (Flyball, 9)
Batting: RHB Júlio Rodríguez 0-0: Ball
1-0: Ball
2-0: Called Strike
2-1: Foul Ball, location: 2F
2-2: Strikes out looking
Batting: RHB Randall Walker 0-0: Foul Ball, location: 2F
0-1: Called Strike
0-2: Ball
1-2: Ball
2-2: Ball
3-2: Foul Ball, location: 2F
3-2: Base on Balls
Batting: RHB Joaquín Valenzuela 0-0: Ball
1-0: Called Strike
1-1: Ball
2-1: Called Strike
2-2: Ball
3-2: Fly out, F8 (Flyball, 8RD)
Bottom of the 2nd over - 0 runs, 0 hits, 0 errors, 1 left on base; Salem 0 - BlackIron 1
TOP OF THE 3RD
Salem Silver Souls batting - Pitching for BlackIron Dragons : RHP Juan Carlos Guerrero
Batting: SHB Jesús Sosa 0-0: Ball
1-0: Foul Ball, location: 2F
1-1: Ball
2-1: SINGLE (Line Drive, 4D)
Batting: RHB José Dávila 0-0: Ball
1-0: Ball
2-0: Fly out, F9 (Flyball, 9LM)
Batting: RHB Cameron Irwin 0-0: Ball
1-0: Ball
2-0: Called Strike
2-1: Ball
3-1: Base on Balls
Jesús Sosa to second
Batting: RHB Pedro Rivera 0-0: Called Strike
Jesús Sosa steals 3rd base
Cameron Irwin to second
0-1: Swinging Strike
0-2: Ball
1-2: Ball
2-2: Ball
3-2: SINGLE (Groundball, 56D)
Jesús Sosa scores
Cameron Irwin to third
Runner from 3rd tries for Home, SAFE, no throw
Batting: LHB Luis Aragón 0-0: Ball
1-0: Called Strike
1-1: Called Strike
Pedro Rivera steals 2nd base
1-2: Strikes out swinging
Batting: LHB Hamilton Hughes 0-0: Ball
1-0: Swinging Strike
1-1: Ball
2-1: Fly out, F7 (Flyball, 78D)
Top of the 3rd over - 2 runs, 2 hits, 0 errors, 1 left on base; Salem 2 - BlackIron 1
BOTTOM OF THE 3RD
BlackIron Dragons batting - Pitching for Salem Silver Souls : LHP Al McGuire
Batting: RHB Iván Granados 0-0: Ball
1-0: Ball
2-0: Foul Ball, location: 2F
2-1: Ball
3-1: Foul Ball, location: 2F
3-2: SOLO HOME RUN (Flyball, 7LD), Distance : 377 ft
Batting: RHB Jimmy King 0-0: SINGLE (Groundball, 56D)
Batting: SHB David Boyle 0-0: Ball
1-0: Foul Ball, location: 2F
1-1: Foul Ball, location: 2F
1-2: Ball
2-2: Foul Ball, location: 2F
2-2: Ball
3-2: Foul Ball, location: 2F
3-2: Fielders Choice at 2nd, 2-6 (Groundball, 2R)
Batting: LHB José Martínez 0-0: Ball
1-0: Called Strike
1-1: DOUBLE (Line Drive, 7LS)
David Boyle to third
Batting: RHB Millard Long 0-0: Ball
1-0: Ball
2-0: Ball
3-0: Called Strike
3-1: Called Strike
3-2: Ground out 5-3 (Groundball, 56)
David Boyle scores
Batting: RHB Roderick Silva 0-0: Called Strike
0-1: Swinging Strike
0-2: Foul Ball, location: 2F
0-2: Ball
1-2: Ball
2-2: Strikes out swinging
Bottom of the 3rd over - 2 runs, 3 hits, 0 errors, 1 left on base; Salem 2 - BlackIron 3
TOP OF THE 4TH
Salem Silver Souls batting - Pitching for BlackIron Dragons : RHP Juan Carlos Guerrero
Batting: RHB Chris Hall 0-0: Ball
1-0: Foul Ball, location: 2F
1-1: Called Strike
1-2: Strikes out swinging
Batting: RHB Jaime Rodríguez 0-0: Called Strike
0-1: Called Strike
0-2: SINGLE (Groundball, 6D)
Batting: SHB Alberto Sandoval 0-0: Swinging Strike
0-1: Ball
Wild Pitch!
Jaime Rodríguez to second
1-1: Foul Ball, location: 2F
1-2: Ball
2-2: Strikes out swinging
Batting: SHB Jesús Sosa 0-0: Called Strike
0-1: Foul Ball, location: 2F
0-2: Strikes out looking
Top of the 4th over - 0 runs, 1 hit, 0 errors, 1 left on base; Salem 2 - BlackIron 3
BOTTOM OF THE 4TH
BlackIron Dragons batting - Pitching for Salem Silver Souls : LHP Al McGuire
Pitching: RHP Wei-liang Zhuan
Batting: RHB Júlio Rodríguez 0-0: Foul Ball, location: 2F
0-1: Called Strike
0-2: SINGLE (Line Drive, 56D)
Batting: RHB Randall Walker 0-0: Ball
1-0: SINGLE (Line Drive, 6)
Júlio Rodríguez to second
Batting: RHB Joaquín Valenzuela 0-0: Ball
Passed Ball!
Júlio Rodríguez to third
Randall Walker to second
1-0: Foul Ball, location: 2F
1-1: Ball
2-1: Called Strike
2-2: Foul Ball, location: 2F
2-2: Foul Ball, location: 2F
2-2: Ball
3-2: Foul Ball, location: 2F
3-2: Fly out, F9 (Flyball, 9LS)
Runner from 3rd tags up, SCORES, throw made
Randall Walker to third
Batting: RHB Iván Granados 0-0: Ball
1-0: Ball
2-0: Fly out, F7 (Flyball, 7S)
Runner from 3rd tags up, SCORES, throw made
Batting: RHB Jimmy King 0-0: Ball
1-0: Ball
2-0: Foul Ball, location: 2F
2-1: Ground out 5-3 (Groundball, 5)
Bottom of the 4th over - 2 runs, 2 hits, 0 errors, 0 left on base; Salem 2 - BlackIron 5
TOP OF THE 5TH
Salem Silver Souls batting - Pitching for BlackIron Dragons : RHP Juan Carlos Guerrero
Batting: RHB José Dávila 0-0: Fly out, F4 (Line Drive, 4)
Batting: RHB Cameron Irwin 0-0: Ball
1-0: Swinging Strike
1-1: Called Strike
1-2: Strikes out swinging, 2-3 out at first.
Batting: RHB Pedro Rivera 0-0: Swinging Strike
0-1: Swinging Strike
0-2: Foul Ball, location: 2F
0-2: Ball
1-2: SINGLE (Line Drive, 7S)
Batting: LHB Luis Aragón 0-0: Called Strike
Pedro Rivera steals 2nd base
0-1: Ball
1-1: Called Strike
1-2: Ball
2-2: Ball
3-2: Foul Ball, location: 2F
3-2: Foul Ball, location: 2F
3-2: Base on Balls
Batting: LHB Hamilton Hughes 0-0: Foul Ball, location: 2F
0-1: Swinging Strike
0-2: Fly out, F7 (Flyball, 7S)
Top of the 5th over - 0 runs, 1 hit, 0 errors, 2 left on base; Salem 2 - BlackIron 5
BOTTOM OF THE 5TH
BlackIron Dragons batting - Pitching for Salem Silver Souls : RHP Wei-liang Zhuan
Batting: SHB David Boyle 0-0: Ball
1-0: Ball
2-0: Ball
3-0: Base on Balls
Batting: LHB José Martínez 0-0: Ball
1-0: DOUBLE (Line Drive, 7LD)
David Boyle to third
Runner from 3rd tries for Home, SAFE, no throw
Batting: RHB Millard Long 0-0: Ball
1-0: Foul Ball, location: 2F
1-1: Ground out 5-3 (Groundball, 56)
Batting: RHB Roderick Silva 0-0: Ball
1-0: Ball
2-0: Foul Ball, location: 2F
2-1: Ball
3-1: Foul Ball, location: 2F
3-2: Base on Balls
Batting: RHB Júlio Rodríguez 0-0: Called Strike
0-1: Foul Ball, location: 2F
0-2: Ball
1-2: Foul Ball, location: 2F
1-2: Fly out, F8 (Flyball, 8LD)
Batting: RHB Randall Walker 0-0: Called Strike
0-1: Ball
1-1: Fly out, F9 (Line Drive, 9)
Bottom of the 5th over - 1 run, 1 hit, 0 errors, 2 left on base; Salem 2 - BlackIron 6
TOP OF THE 6TH
Salem Silver Souls batting - Pitching for BlackIron Dragons : RHP Juan Carlos Guerrero
Pitching: RHP António Molina
Batting: RHB Chris Hall 0-0: Ball
1-0: Ball
2-0: Called Strike
2-1: Fly out, F3 (Popup, 3F)
Batting: RHB Jaime Rodríguez 0-0: Called Strike
0-1: Ball
1-1: Foul Ball, location: 2F
1-2: Ball
2-2: Ball
3-2: SINGLE (Groundball, 6D)
Batting: SHB Alberto Sandoval 0-0: Ball
1-0: Foul Ball, location: 2F
1-1: Foul Ball, location: 2F
1-2: Foul Ball, location: 2F
1-2: Ball
2-2: SINGLE (Popup, 4S)
Jaime Rodríguez to second
Batting: SHB Jesús Sosa 0-0: Called Strike
0-1: Ball
1-1: Ball
2-1: Fly out, F7 (Flyball, 7S)
Batting: RHB José Dávila 0-0: Ball
1-0: Called Strike
1-1: Ball
2-1: Ground out 4-3 (Groundball, 34D)
Top of the 6th over - 0 runs, 2 hits, 0 errors, 2 left on base; Salem 2 - BlackIron 6
BOTTOM OF THE 6TH
BlackIron Dragons batting - Pitching for Salem Silver Souls : RHP Wei-liang Zhuan
Pitching: RHP Wilson Díaz
Batting: RHB Joaquín Valenzuela 0-0: Ball
1-0: Ball
2-0: Called Strike
2-1: Foul Ball, location: 2F
2-2: Ball
3-2: Base on Balls
Batting: RHB Iván Granados 0-0: Fly out, F6 (Popup, 6)
Batting: RHB Jimmy King 0-0: Foul Ball, location: 2F
0-1: Ball
1-1: Foul Ball, location: 2F
1-2: Ball
2-2: SINGLE (Groundball, 4D)
Joaquín Valenzuela to second
Runner from 2nd tries for 3rd, SAFE, no throw
Batting: SHB David Boyle 0-0: Called Strike
0-1: Ball
1-1: Reached on error, E1 (Groundball, 15S)
Joaquín Valenzuela scores
Jimmy King to second
Batting: LHB José Martínez 0-0: Grounds into double play, 5-4-3 (Groundball, 6)
Bottom of the 6th over - 1 run, 1 hit, 1 error, 1 left on base; Salem 2 - BlackIron 7
TOP OF THE 7TH
Salem Silver Souls batting - Pitching for BlackIron Dragons : RHP António Molina
Batting: RHB Cameron Irwin 0-0: Called Strike
0-1: Ball
1-1: Ball
2-1: Swinging Strike
2-2: Ball
3-2: Strikes out swinging
Batting: RHB Pedro Rivera 0-0: Called Strike
0-1: Ball
1-1: Swinging Strike
1-2: Foul Ball, location: 2F
1-2: Ball
2-2: Strikes out swinging
Batting: LHB Luis Aragón 0-0: Called Strike
0-1: Ground out 4-3 (Groundball, 4)
Top of the 7th over - 0 runs, 0 hits, 0 errors, 0 left on base; Salem 2 - BlackIron 7
BOTTOM OF THE 7TH
BlackIron Dragons batting - Pitching for Salem Silver Souls : RHP Wilson Díaz
Batting: RHB Millard Long 0-0: Called Strike
0-1: Foul Ball, location: 2F
0-2: Ball
1-2: Ball
2-2: Ball
3-2: Strikes out looking
Batting: RHB Roderick Silva 0-0: Called Strike
0-1: Swinging Strike
0-2: Ground out 5-3 (Groundball, 56)
Batting: RHB Júlio Rodríguez 0-0: Ball
1-0: Foul Ball, location: 2F
1-1: Foul Ball, location: 2F
1-2: Ball
2-2: Strikes out swinging
Bottom of the 7th over - 0 runs, 0 hits, 0 errors, 0 left on base; Salem 2 - BlackIron 7
TOP OF THE 8TH
Salem Silver Souls batting - Pitching for BlackIron Dragons : RHP António Molina
Now at C: Luis Méndez
Batting: LHB Hamilton Hughes 0-0: Called Strike
0-1: Ball
1-1: Called Strike
1-2: Ball
2-2: Ball
3-2: Foul Ball, location: 2F
3-2: Foul Ball, location: 2F
3-2: SINGLE (Line Drive, 4MD)
Batting: RHB Chris Hall 0-0: Ball
1-0: Foul Ball, location: 2F
1-1: Foul Ball, location: 2F
1-2: Fly out, F7 (Flyball, 7D)
Batting: RHB Jaime Rodríguez 0-0: Swinging Strike
0-1: Foul Ball, location: 2F
0-2: Ball
1-2: Foul Ball, location: 2F
1-2: Foul Ball, location: 2F
1-2: Ball
2-2: Strikes out swinging
Pitching: LHP Ben Newman
Batting: SHB Alberto Sandoval 0-0: Ball
1-0: Ball
2-0: Called Strike
2-1: Ball
3-1: Called Strike
3-2: Foul Ball, location: 2F
3-2: Fly out, F8 (Flyball, 8LM)
Top of the 8th over - 0 runs, 1 hit, 0 errors, 1 left on base; Salem 2 - BlackIron 7
BOTTOM OF THE 8TH
BlackIron Dragons batting - Pitching for Salem Silver Souls : RHP Wilson Díaz
Batting: RHB Randall Walker 0-0: Ball
1-0: Ball
2-0: Ball
3-0: Called Strike
3-1: Called Strike
3-2: Base on Balls
Batting: RHB Joaquín Valenzuela 0-0: Called Strike
0-1: Swinging Strike
0-2: Ball
1-2: Foul Ball, location: 2F
1-2: Reached via error on a dropped throw, E1
Randall Walker to second
Batting: RHB Iván Granados 0-0: Ball
1-0: Bunt missed!
1-1: Sac Bunt - play at first, batter OUT! 5-4
Randall Walker to third
Joaquín Valenzuela to second
Batting: RHB Jimmy King 0-0: Called Strike
0-1: Ball
1-1: Foul Ball, location: 2F
1-2: Ball
2-2: Foul Ball, location: 2F
2-2: Ball
3-2: Ground out 6-3 (Groundball, 6)
Batting: SHB David Boyle 0-0: Ball
1-0: Ball
2-0: Foul Ball, location: 2F
2-1: Swinging Strike
2-2: Ball
3-2: Foul Ball, location: 2F
3-2: SINGLE (Line Drive, 9LS)
Randall Walker scores
Joaquín Valenzuela to third
Joaquín Valenzuela scores
Batting: LHB José Martínez 0-0: Ball
David Boyle is caught stealing 2nd base
Bottom of the 8th over - 2 runs, 1 hit, 1 error, 0 left on base; Salem 2 - BlackIron 9
TOP OF THE 9TH
Salem Silver Souls batting - Pitching for BlackIron Dragons : LHP Ben Newman
Now in LF: Jeff Thompson
Batting: SHB Jesús Sosa 0-0: Fly out, F9 (Flyball, 89S)
Batting: RHB José Dávila 0-0: Ball
1-0: Ball
2-0: Called Strike
2-1: Fly out, F8 (Line Drive, 78M)
Batting: RHB Cameron Irwin 0-0: Ball
1-0: Ball
2-0: Foul Ball, location: 2F
2-1: Ground out 5-3 (Groundball, 56)
Top of the 9th over - 0 runs, 0 hits, 0 errors, 0 left on base; Salem 2 - BlackIron 9
Saturday, April 7th, 2018 - OOTP Baseball 18.8 Build 76